 Dungeon Crawl Stone Soup version 0.17.0-56-gd8de76c (webtiles) character file.

177 JokEr the Ruffian (level 5, -5/45 HPs)
             Began as a Ghoul Monk on Dec 6, 2015.
             Slain by an orc warrior
             ... wielding a +0 trident
              (14 damage)
             ... on level 4 of the Dungeon.
             The game lasted 00:09:59 (4921 turns).

JokEr the Ruffian (Ghoul Monk)                      Turns: 4921, Time: 00:10:00

Health: -5/45      AC:  7    Str: 16    XL:     5   Next: 57%
Magic:  4/4        EV:  5    Int:  5    God:
Gold:   117        SH:  0    Dex: 11    Spells: 0 memorised, 4 levels left

rFire  . . .     SeeInvis .       - Unarmed
rCold  + . .     Clarity  .     t - +0 scale mail
rNeg   + + +     SustAt   .     (no shield)
rPois  ∞         Gourm    .     (no helmet)
rElec  .         Spirit   .     (no cloak)
rCorr  .         Warding  .     (no gloves)
rMut   .         Stasis   .     g - +0 pair of boots
MR     .....                    (no amulet)
Stlth  ..........               (no ring)
                                j - ring of flight

@: rotting, not resistant to hostile enchantments, extremely unstealthy
A: rotting body, claws 1, carnivore 3, cold resistance 1, negative energy
resistance 3, slow regeneration 1, torment resistance, unbreathing
a: Evoke Flight


You were on level 4 of the Dungeon.
You were not hungry.

You visited 1 branch of the dungeon, and saw 4 of its levels.

You collected 117 gold pieces.

Inventory:

Armour
 a - a +0 robe
 g - a +0 pair of boots (worn)
 h - a +1 ring mail
 t - a +0 scale mail (worn)
Jewellery
 j - a ring of flight (left claw)
 n - a +1 ring of evasion {unknown}
Scrolls
 e - 2 scrolls of fog
 m - 3 scrolls of remove curse
Potions
 c - 2 potions of curing
 i - a potion of flight
 k - a potion of degeneration
 l - 5 potions of heal wounds
 o - a potion of poison {unknown}
Comestibles
 b - 5 meat rations
 d - a beef jerky
 f - a royal jelly
 p - a slice of pizza


   Skills:
 - Level 3.2 Fighting
 - Level 2.6 Dodging
 - Level 2.1 Stealth
 + Level 7.3 Unarmed Combat


You had 4 spell levels left.
You didn't know any spells.

Dungeon Overview and Level Annotations

Branches:
Dungeon (4/15)
 Temple: D:4-7

Altars:
Ashenzari
Elyvilon
Ru
Yredelemnul


Innate Abilities, Weirdness & Mutations

Your body is rotting away.
You thrive on raw meat.
You are immune to poison.
You have sharp fingernails.
You are carnivorous and can eat meat at any time.
Your flesh is cold resistant.
You are immune to negative energy.
You regenerate slowly when monsters are visible.
You are immune to unholy pain and torment.
You can survive without breathing.


Message History

A quokka and a worker ant come into view.
Found a basalt altar of Yredelemnul. 2 jackals and an orc come into view.
The orc warrior hits you from afar with a trident!!
The jackal bites you.
The jackal bites you but does no damage.
You claw the jackal!
You kill the jackal!
The orc warrior barely misses you. The orc warrior closely misses you.
The orc priest casts a cantrip, but nothing happens.
The orc warrior hits you but does no damage.
You scratch the orc warrior.
The orc warrior is lightly wounded.
The orc warrior hits you with a trident!!
* * * LOW HITPOINT WARNING * * *
The orc warrior barely misses you.
There is a stone staircase leading up here.
The orc warrior hits you from afar with a trident!
You die...

# #.# #.#######.# #
##.## #o# #.#
####...## #.# #o#
........## #h# #.#
.........# #o# #h#
.........# #.# #o#
...?...#.## #o# #r###
....<.#...######.#
#os.######
.#.............#@#
#o......r.
....#.#...####.#.#
#...oh##h. .#.###.#.##
#.#.# ......##o..._
..##
##..#####.#.###.####.#


.ho.h ##.###.####.......# #.# ..a.. ##.#.## #.#####.# ..# ._.a8 ##.######.# #.#
### ..... #.(......# #.# #._.. ########.# #.# You could see an orc warrior, 2
orcs and a jackal.

Vanquished Creatures
  A giant frog skeleton (D:4)
  2 adders
  4 gnolls (D:2)
  An ooze (D:2)
  A worm (D:2)
  An orc (D:4)
  A ball python (D:4)
  5 giant cockroaches
  8 goblins
  10 hobgoblins
  10 jackals
  19 kobolds
  4 bats
  3 giant geckos
  4 giant newts
  11 rats
85 creatures vanquished.

Notes
Turn   | Place    | Note
--------------------------------------------------------------
     0 | D:1      | JokEr the Ghoul Monk began the quest for the Orb.
     0 | D:1      | Reached XP level 1. HP: 19/19 MP: 0/0
   114 | D:1      | Reached XP level 2. HP: 4/26 MP: 1/1
   630 | D:1      | Reached skill level 5 in Unarmed Combat
  1324 | D:1      | Reached XP level 3. HP: 27/27 MP: 2/2
  2206 | D:2      | Reached skill level 6 in Unarmed Combat
  2206 | D:2      | Reached XP level 4. HP: 25/37 MP: 3/3
  2550 | D:2      | Found a white marble altar of Elyvilon.
  3380 | D:2      | Reached XP level 5. HP: 29/45 MP: 4/4
  3942 | D:3      | Reached skill level 7 in Unarmed Combat
  4886 | D:4      | Found a shattered altar of Ashenzari.
  4886 | D:4      | Found a sacrificial altar of Ru.
  4886 | D:4      | Noticed an orc warrior
  4889 | D:4      | Found a basalt altar of Yredelemnul.
  4921 | D:4      | Slain by an orc warrior

Action                   |  1- 3 |  4- 6 || total
-------------------------+-------+-------++-------
Melee: Unarmed           |   118 |   131 ||   249
  Use: Scroll            |     4 |    10 ||    14
 Stab: Sleeping          |     4 |       ||     4
  Eat: Chunk             |     8 |    13 ||    21
